 Dungeon Crawl Stone Soup version 0.31-a0-152-g6aa68a64a1 (webtiles) character file.

Game seed: 7328393771831603689

736 qw the Chopper (level 7, -6/43 HPs)
             Began as a Gargoyle Fighter on June 10, 2023.
             Mangled by Blork the orc
             ... wielding a +0 trident
              (13 damage)
             ... on level 5 of the Dungeon.
             The game lasted 00:01:36 (3170 turns).

qw the Chopper (Gargoyle Fighter)                   Turns: 3170, Time: 00:01:37

Health: -6/43      AC:  0    Str: 21    XL:     7   Next: 74%
Magic:  7/7        EV: 13    Int:  7    God:
Gold:   239        SH:  0    Dex:  9    Spells: 6/6 levels left

rFire   . . .        Y - melded +0 war axe
rCold   . . .        c - melded +0 buckler
rNeg    + . .        j - melded +0 chain mail
rPois   inf          (helmet currently unavailable)
rElec   .            m - melded +0 cloak
rCorr   .            (gloves currently unavailable)
SInv    .            (boots currently unavailable)
Will    .....        (no amulet)
Stlth   +            i - melded +5 ring of evasion
HPRegen 0.27/turn    e - melded ring of positive energy
MPRegen 0.10/turn

%: no passive effects
@: pig-form (expiring), marked, very quick
A: fast, no casting, sickness immunity, AC +4, small, negative energy resistance
1, (electricity resistance), torment resistance 1, petrification resistance,
(horns 1), dopey 1, wild magic 1, (sturdy frame 1)
a: no special abilities


You were on level 5 of the Dungeon.
You were a filthy swine.
You visited 1 branch of the dungeon, and saw 5 of its levels.

You collected 239 gold pieces.


Innate Abilities, Weirdness & Mutations

You are a filthy swine.
You move quickly.
Your equipment is almost entirely melded.
You are incapable of wielding weapons or throwing items.
You cannot cast spells.
You are immune to sickness and miasma.
((Your stone body is resilient. (AC +4)))
You are immune to poison.
You resist negative energy. (rN+)
((You are resistant to electric shocks. (rElec)))
You are resistant to unholy torment.
You are immune to petrification.
((You have a pair of small horns on your head.))
You are dopey. (Int -2)
Your spells are a little harder to cast, but a little more powerful.
((Your movements are slightly less encumbered by armour. (ER -2)))


   Skills:
 + Level 4.0 Fighting
 - Level 7.3 Axes
 - Level 3.2 Armour
 - Level 1.3 Dodging
 - Level 3.2 Shields


You had 6 spell levels left.
You didn't know any spells.
Your spell library was empty.

Inventory:

Hand Weapons
 k - a +0 flail
 Y - a +0 war axe (melded)
Missiles
 f - a boomerang
Armour
 c - a +0 buckler (melded)
 j - a +0 chain mail (melded)
 m - a +0 cloak (melded)
Jewellery
 e - a ring of positive energy (melded)
 i - a +5 ring of evasion (melded)
Scrolls
 a - a scroll of identify
Potions
 b - a potion of resistance {unknown}
 d - 2 potions of might
 g - a potion of invisibility {unknown}
 h - a potion of curing {unknown}
 l - a potion of heal wounds {unknown}
 o - a potion of berserk rage {unknown}

Dungeon Overview and Level Annotations

Branches:
Dungeon (5/15)
 Temple: D:4-7

Altars:

Annotations:
D:5 Blork the orc


Message History

Enter note:
Enter note:
Enter note:
Enter note:
Enter note:
Enter note:
Enter note:
Enter note:
Enter note:
Enter note:
Found 14 gold pieces.
Blork the orc completely misses you.
Enter note:
Enter note:
Enter note:
Enter note: You hit Blork the orc but do no damage.
Blork the orc hits you with a +0 trident!
You hit Blork the orc.
Blork the orc is lightly wounded.
Blork the orc hits you with a +0 trident!
You hit Blork the orc.
Blork the orc is lightly wounded.
Blork the orc hits you with a +0 trident!
You barely miss Blork the orc.
Blork the orc is lightly wounded.
Your transformation is almost over.
Blork the orc barely misses you.
You barely miss Blork the orc.
Blork the orc is lightly wounded.
You hit Blork the orc but do no damage.
Blork the orc is lightly wounded.
Blork the orc closely misses you.
You hit Blork the orc.
Blork the orc is lightly wounded.
Blork the orc hits you with a +0 trident!
You hit Blork the orc.
Blork the orc is moderately wounded.
Blork the orc hits you with a +0 trident!
You die...

####%###.#.##....#
#......# #.#..#### #####
#.....<#.#.#.## #....
#......#.....# #.###
########...### #.#
.......# #######.#
........# #....##.#
####.#########....##.###
......oh..........##....
###..########.....#####.
..$ #.....# #. # #.....#
#. #.....# #. #.#.#.# #.
#.#.#.# #. #.#.#.# #.
#.#.#.# ##


You could see Blork the orc.

Vanquished Creatures
  Eustachio (D:5)
  A water moccasin (D:5)
  A jelly (D:4)
  2 orc priests
  2 hounds
  5 iguanas
  Ijyb (D:4)
  Natasha (thrice) (D:2)
  4 adders
  A worm (D:2)
  15 orcs
  2 bats (D:1)
  5 endoplasms
  4 giant cockroaches
  5 goblins
  5 hobgoblins
  2 jackals
  10 kobolds
  3 quokkas
  7 ball pythons
  A frilled lizard (D:2)
  3 rats
83 creatures vanquished.

Notes
Turn   | Place    | Note
-------+----------+-------------------------------------------
     0 | D:1      | qw the Gargoyle Fighter began the quest for the Orb.
     0 | D:1      | Reached XP level 1. HP: 14/14 MP: 1/1
     0 | D:1      | 0 ||| qw: Version: 0.2-a-29-g0080da8
     0 | D:1      | 0 ||| qw: Game counter: 3826
     0 | D:1      | 0 ||| qw: Always use a shield: true
     0 | D:1      | 0 ||| qw: God list: Okawaru
     0 | D:1      | 0 ||| qw: Allow faded altars: false
     0 | D:1      | 0 ||| qw: Do Orc after D:15 true
     0 | D:1      | 0 ||| qw: Do second Lair branch before Depths: true
     0 | D:1      | 0 ||| qw: Lair rune preference: random
     0 | D:1      | 0 ||| qw: Plans: Normal, Zot:1-4, Slime:5, God:TSO, Crypt,
                  | Tomb, Abyss, Pan, Hells, Win
     0 | D:1      | 0 ||| PLANNING D:1-11
   201 | D:1      | Reached skill level 2 in Axes
   367 | D:1      | 367 ||| Stepping ~*~*~tactically~*~*~ (hiding).
   501 | D:1      | Reached XP level 2. HP: 19/19 MP: 2/2
   803 | D:1      | Reached skill level 3 in Axes
   828 | D:1      | Reached XP level 3. HP: 23/23 MP: 3/3
   911 | D:1      | 911 ||| UPGRADING to +0 cloak.
   916 | D:1      | 916 ||| UPGRADING to +5 ring of evasion.
   917 | D:1      | 917 ||| READING scroll labelled ZUSATO YQAGG.
   918 | D:1      | 918 ||| READING scroll labelled FIMUUDYNNO.
   919 | D:1      | 919 ||| READING scroll labelled NIFIAR GINKUO.
   923 | D:1      | 923 ||| DRINKING 2 inky potions.
   923 | D:1      | Gained mutation: You have a pair of small horns on your
                  | head. [potion of mutation]
   923 | D:1      | Gained mutation: You are dopey. (Int -2) [potion of
                  | mutation]
   923 | D:1      | Gained mutation: You are vulnerable to cold. (rC-) [potion
                  | of mutation]
   923 | D:1      | Gained mutation: Your spells are a little harder to cast,
                  | but a little more powerful. [potion of mutation]
   924 | D:1      | 924 ||| DRINKING potion of mutation.
   924 | D:1      | Lost mutation: Your spells are a little harder to cast, but
                  | a little more powerful. [potion of mutation]
   924 | D:1      | Lost mutation: You are vulnerable to cold. (rC-) [potion of
                  | mutation]
   924 | D:1      | Gained mutation: You have hidden genetic potential. [potion
                  | of mutation]
   924 | D:1      | Gained mutation: You are clumsy. (Dex -2) [potion of
                  | mutation]
   974 | D:2      | Identified the +3 dagger "Jueh" {freeze, rPois rF+}
  1049 | D:2      | Noticed Natasha
  1050 | D:2      | 1050 ||| Stepping ~*~*~tactically~*~*~ (hiding).
  1057 | D:2      | Killed Natasha
  1058 | D:2      | Reached XP level 4. HP: 13/28 MP: 4/4
  1076 | D:2      | Lost mutation: You are clumsy. (Dex -2) [hidden potential]
  1306 | D:2      | Noticed Natasha
  1307 | D:2      | 1307 ||| Stepping ~*~*~tactically~*~*~ (stealth).
  1315 | D:2      | Killed Natasha
  1316 | D:2      | Reached skill level 4 in Axes
  1451 | D:2      | Noticed Natasha
  1459 | D:2      | Killed Natasha
  1514 | D:2      | Reached XP level 5. HP: 32/32 MP: 5/5
  1540 | D:2      | Gained mutation: You have great hidden genetic potential.
                  | [hidden potential]
  1540 | D:2      | Lost mutation: You have great hidden genetic potential.
                  | [hidden potential expressed]
  1604 | D:2      | 1604 ||| READING 3 scrolls labelled SOCISI MICWIA.
  1605 | D:2      | 1605 ||| READING scroll labelled ILOALI VUXKECK.
  1606 | D:2      | 1606 ||| READING scroll labelled FACERO KEBRU.
  1607 | D:2      | 1607 ||| READING scroll labelled SAHA AJITH.
  1608 | D:2      | 1608 ||| READING 2 scrolls of identify.
  1608 | D:2      | 1608 ||| IDENTIFYING bubbling ruby potion
  1609 | D:2      | 1609 ||| DROPPING potion of ambrosia.
  1756 | D:3      | Reached skill level 5 in Axes
  1982 | D:3      | 1982 ||| Stepping ~*~*~tactically~*~*~ (hiding).
  2055 | D:3      | 2055 ||| UPGRADING to +0 chain mail.
  2065 | D:3      | 2065 ||| DROPPING +0 scale mail.
  2066 | D:3      | 2066 ||| UPGRADING to ring of positive energy.
  2105 | D:4      | Reached XP level 6. HP: 35/38 MP: 6/6
  2140 | D:4      | Gained mutation: Your spells are a little harder to cast,
                  | but a little more powerful. [hidden potential]
  2168 | D:4      | 2168 ||| DROPPING +0 club.
  2183 | D:4      | Noticed Ijyb
  2184 | D:4      | 2184 ||| Stepping ~*~*~tactically~*~*~ (hiding).
  2185 | D:4      | 2185 ||| Stepping ~*~*~tactically~*~*~ (hiding).
  2222 | D:4      | Killed Ijyb
  2279 | D:4      | 2279 ||| Stepping ~*~*~tactically~*~*~ (hiding).
  2306 | D:4      | 2306 ||| FLEEEEING.
  2307 | D:4      | 2307 ||| FLEEEEING.
  2308 | D:4      | 2308 ||| FLEEEEING.
  2314 | D:4      | 2314 ||| STAIRDANCE
  2731 | D:4      | 2731 ||| DROPPING orb of mayhem.
  2732 | D:4      | 2732 ||| READING 2 scrolls of identify.
  2732 | D:4      | 2732 ||| IDENTIFYING fizzy coppery potion
  2733 | D:4      | 2733 ||| DROPPING potion of degeneration.
  2759 | D:5      | Entered Level 5 of the Dungeon
  2787 | D:5      | Reached skill level 6 in Axes
  2816 | D:5      | Reached skill level 1 in Dodging
  2818 | D:5      | Reached XP level 7. HP: 41/43 MP: 7/7
  2828 | D:5      | 2828 ||| DROPPING +0 whip.
  2863 | D:5      | Gained mutation: Your movements are slightly less
                  | encumbered by armour. (ER -2) [hidden potential]
  2863 | D:5      | Lost mutation: You have hidden genetic potential. [hidden
                  | potential expressed]
  3057 | D:5      | Noticed Eustachio
  3067 | D:5      | Killed Eustachio
  3068 | D:5      | Reached skill level 7 in Axes
  3158 | D:5      | Noticed Blork the orc
  3169 | D:5      | HP: 7/43 [Blork the orc/+0 trident (7)]
  3170 | D:5      | Mangled by Blork the orc

Levels and vault maps discovered:
D:1:      dpeg_cavernosity, layout_loops_ring
D:2:      layout_rooms, uniq_natasha
D:3:      minmay_recursive_quarters, layout_rooms
D:4:      layout_rooms, uniq_ijyb
D:5:      layout_basic, minmay_temple_entry_overgrown, uniq_eustachio,
          uniq_pikel, uniq_blork_the_orc

Skill      XL: |  1  2  3  4  5  6  7 |
---------------+----------------------+-----
Axes           | 2 3 4 5 6 7 |  7.3
Fighting       | 4 |  4.0
Dodging        | 1 |  1.3
Armour         | |  3.2
Shields        | |  3.2

Action                     |  1- 3 |  4- 6 |  7- 9 || total
---------------------------+-------+-------+-------++-------
  Melee: War axe           |    47 |   132 |    47 ||   226
         Headbutt          |     2 |    18 |     7 ||    27
         Unarmed           |       |       |     8 ||     8
    Use: Scroll            |     3 |     6 |       ||     9
         Potion            |     2 |       |       ||     2
 Armour: Scale mail        |    23 |    26 |       ||    49
         Chain mail        |       |    36 |    16 ||    52
  Dodge: Dodged            |    21 |    97 |    34 ||   152
  Block: Buckler           |     6 |    27 |     9 ||    42

Table legend:
 A = Non-vault XP
 B = Vault XP
 C = Vault XP percentage of total XP
 D = Non-vault monster count
 E = Vault monster count
 F = Vault count percentage of total count
                 A         B        C        D         E       F
            +---------+---------+-------+---------+---------+-------
      Total |     779 |     273 |  26.0 |      70 |      13 |  15.7
            +---------+---------+-------+---------+---------+-------
        D:1 |      29 |       5 |  14.7 |      17 |       4 |  19.0
        D:2 |     109 |      36 |  24.8 |       9 |       1 |  10.0
        D:3 |      48 |      11 |  18.6 |       6 |       6 |  50.0
        D:4 |     223 |      36 |  13.9 |      26 |       1 |   3.7
        D:5 |     370 |     185 |  33.3 |      12 |       1 |   7.7
            +---------+---------+-------+---------+---------+-------
